AAA
OTTAWA BEAVERS @ LYNN PATRIOTS
04/30/2060
 
TOP OF THE 1ST
Ottawa Beavers batting - Pitching for Lynn Patriots : RHP Thomas Sverma
Pitching: RHP Thomas Sverma
Batting: RHB Jeff DeLong 0-0: Swinging Strike
0-1: Called Strike
0-2: SINGLE (Groundball, 6MD, EV 107.5 MPH)
Batting: LHB Wyatt Ludwig 0-0: Called Strike
Jeff DeLong is caught stealing 2nd base 2-6
0-1: Swinging Strike
0-2: Ball
1-2: Ball
2-2: Foul Ball, location: 2F
2-2: Strikes out swinging
Batting: RHB Carlos Kinney 0-0: Foul Ball, location: 2F
0-1: Foul Ball, location: 2F
0-2: Strikes out swinging
Top of the 1st over - 0 runs, 1 hit, 0 errors, 0 left on base; Ottawa 0 - Lynn 0
BOTTOM OF THE 1ST
Lynn Patriots batting - Pitching for Ottawa Beavers : RHP Theodore Barkley
Pitching: RHP Theodore Barkley
Batting: LHB Neal McDonald 0-0: Ball
1-0: Called Strike
1-1: Called Strike
1-2: Strikes out swinging
Batting: RHB Vin Edwards 0-0: SINGLE (Line Drive, 89S, EV 107.5 MPH)
Batting: LHB Dalton Hamilton 0-0: Ball
1-0: Foul Ball, location: 2F
1-1: SINGLE (Line Drive, 78S, EV 99.4 MPH)
Vin Edwards to second
Batting: LHB Brandt Bagishaev 0-0: Ball
1-0: Ball
2-0: Fly out, F8 (Flyball, 8LXD, EV 95.6 MPH)
Runner from 2nd tags up, SAFE at 3rd, no throw by CF
Batting: RHB Mike Thompson 0-0: SINGLE (Groundball, 6MD, EV 106.9 MPH)
Vin Edwards scores
Dalton Hamilton to second
Batting: LHB Rashaun Harrington 0-0: Foul Ball, location: 2F
0-1: Ball
1-1: Ball
2-1: Fielders Choice at 2nd, 5-4 (Groundball, 56, EV 91.2 MPH)
Bottom of the 1st over - 1 run, 3 hits, 0 errors, 2 left on base; Ottawa 0 - Lynn 1
TOP OF THE 2ND
Ottawa Beavers batting - Pitching for Lynn Patriots : RHP Thomas Sverma
Batting: RHB Gavin Wright 0-0: Ball
1-0: Foul Ball, location: 2F
1-1: Ball
2-1: Fly out, F8 (Flyball, 89M, EV 93.8 MPH)
Batting: SHB Darren Clark 0-0: Swinging Strike
0-1: Ball
1-1: Called Strike
1-2: DOUBLE (Line Drive, 89D, EV 100.6 MPH)
Batting: RHB Benny Ackley 0-0: Ball
1-0: Called Strike
1-1: Foul Ball, location: 2F
1-2: Ground out U3 (Groundball, 34, EV 102.5 MPH)
Darren Clark to third
Batting: SHB Jim Arvin 0-0: Called Strike
0-1: Ball
1-1: Ball
2-1: Ground out 4-3 (Groundball, 34D, EV 98.1 MPH)
Top of the 2nd over - 0 runs, 1 hit, 0 errors, 1 left on base; Ottawa 0 - Lynn 1
BOTTOM OF THE 2ND
Lynn Patriots batting - Pitching for Ottawa Beavers : RHP Theodore Barkley
Batting: SHB Xavier Amaro 0-0: Swinging Strike
0-1: Foul Ball, location: 2F
0-2: Strikes out swinging
Batting: RHB Malik Donnell 0-0: Foul Ball, location: 2F
0-1: Swinging Strike
0-2: Ball
1-2: Foul Ball, location: 2F
1-2: Strikes out swinging
Batting: RHB O.K. Emelyantsev 0-0: Foul Ball, location: 2F
0-1: Swinging Strike
0-2: Ball
1-2: Strikes out swinging
Bottom of the 2nd over - 0 runs, 0 hits, 0 errors, 0 left on base; Ottawa 0 - Lynn 1
TOP OF THE 3RD
Ottawa Beavers batting - Pitching for Lynn Patriots : RHP Thomas Sverma
Batting: RHB Omari Stubbs 0-0: Ball
1-0: Ball
2-0: Called Strike
2-1: DOUBLE (Line Drive, 89D, EV 111.9 MPH)
Batting: RHB Trent Gianopulos 0-0: Ball
1-0: Called Strike
1-1: Fly out, F3 (Popup, 3SF, EV 83.8 MPH)
Batting: RHB Jeff DeLong 0-0: Foul Ball, location: 2F
0-1: SINGLE (Line Drive, 8RS, EV 93.1 MPH)
Omari Stubbs to third
Runner from 3rd tries for Home, SAFE, throw by CF to home
Batting: LHB Wyatt Ludwig 0-0: Foul Ball, location: 2F
0-1: Ball
1-1: Ball
2-1: Foul Ball, location: 2F
2-2: Foul Ball, location: 2F
2-2: Ball
3-2: Foul Ball, location: 2F
3-2: Strikes out looking
Jeff DeLong is caught stealing 2nd base 2-6
Batter strikes out.
Top of the 3rd over - 1 run, 2 hits, 0 errors, 0 left on base; Ottawa 1 - Lynn 1
BOTTOM OF THE 3RD
Lynn Patriots batting - Pitching for Ottawa Beavers : RHP Theodore Barkley
Batting: LHB Neal McDonald 0-0: Called Strike
0-1: Ball
1-1: Swinging Strike
1-2: Ball
2-2: Ground out U3 (Groundball, 34S, EV 80.6 MPH)
Batting: RHB Vin Edwards 0-0: Called Strike
0-1: DOUBLE (Line Drive, 78D, EV 108.8 MPH)
Batting: LHB Dalton Hamilton 0-0: Called Strike
0-1: Called Strike
0-2: Foul Ball, location: 2F
0-2: Ball
1-2: Ball
2-2: Fly out, F9 (Flyball, 9S, EV 96.9 MPH)
Batting: LHB Brandt Bagishaev 0-0: Called Strike
0-1: Fly out, F8 (Flyball, 78M, EV 90.6 MPH)
Bottom of the 3rd over - 0 runs, 1 hit, 0 errors, 1 left on base; Ottawa 1 - Lynn 1
TOP OF THE 4TH
Ottawa Beavers batting - Pitching for Lynn Patriots : RHP Thomas Sverma
Batting: RHB Carlos Kinney 0-0: Fly out, F8 (Flyball, 8RXD, EV 103.8 MPH)
Batting: RHB Gavin Wright 0-0: Called Strike
0-1: Foul Ball, location: 2F
0-2: Ball
1-2: Foul Ball, location: 2F
1-2: Strikes out looking
Batting: SHB Darren Clark 0-0: Called Strike
0-1: Foul Ball, location: 2F
0-2: Ground out 4-3 (Groundball, 4D, EV 100.0 MPH)
Top of the 4th over - 0 runs, 0 hits, 0 errors, 0 left on base; Ottawa 1 - Lynn 1
BOTTOM OF THE 4TH
Lynn Patriots batting - Pitching for Ottawa Beavers : RHP Theodore Barkley
Batting: RHB Mike Thompson 0-0: Called Strike
0-1: Ball
1-1: Ball
2-1: Ball
3-1: Base on Balls
Batting: LHB Rashaun Harrington 0-0: Ball
1-0: Foul Ball, location: 2F
1-1: Ball
2-1: Ball
3-1: Called Strike
3-2: SINGLE (Groundball, 6MD, EV 98.1 MPH)
Mike Thompson to second
Runner from 2nd tries for 3rd, SAFE, throw by CF made to third
Batting: SHB Xavier Amaro 0-0: Ball
1-0: Called Strike
1-1: Called Strike
1-2: Fielders Choice at 2nd, 3-6 (Groundball, 3, EV 90.0 MPH)
Mike Thompson scores
Batting: RHB Malik Donnell 0-0: Ball
1-0: Swinging Strike
1-1: Foul Ball, location: 2F
1-2: Fly out, F6 (Line Drive, 6M, EV 68.1 MPH)
Batting: RHB O.K. Emelyantsev 0-0: Ground out 4-3 (Groundball, 4, EV 82.5 MPH)
Bottom of the 4th over - 1 run, 1 hit, 0 errors, 1 left on base; Ottawa 1 - Lynn 2
TOP OF THE 5TH
Ottawa Beavers batting - Pitching for Lynn Patriots : RHP Thomas Sverma
Batting: RHB Benny Ackley 0-0: Ground out 5-3 (Groundball, 56S, EV 83.8 MPH)
Batting: SHB Jim Arvin 0-0: Ball
1-0: Ball
2-0: Foul Ball, location: 2F
2-1: DOUBLE (Line Drive, 9LM, EV 106.9 MPH)
Pinch Runner at 2nd Cole Tester:
Batting: RHB Omari Stubbs 0-0: Ball
1-0: Swinging Strike
1-1: Ground out 6-3 (Groundball, 6M, EV 88.8 MPH)
Cole Tester to third
Batting: RHB Trent Gianopulos 0-0: Ground out 4-3 (Groundball, 4, EV 103.1 MPH)
Top of the 5th over - 0 runs, 1 hit, 0 errors, 1 left on base; Ottawa 1 - Lynn 2
BOTTOM OF THE 5TH
Lynn Patriots batting - Pitching for Ottawa Beavers : RHP Theodore Barkley
Now at SS: Cole Tester
Batting: LHB Neal McDonald 0-0: Ball
1-0: Called Strike
1-1: Ball
2-1: Ball
3-1: Base on Balls
Batting: RHB Vin Edwards 0-0: Bunt missed!
0-1: Bunted foul
0-2: Ball
1-2: Fly out, F4 (Line Drive, 4, EV 71.2 MPH)
Batting: LHB Dalton Hamilton 0-0: Ball
1-0: Ball
2-0: Called Strike
2-1: Ball
3-1: Foul Ball, location: 2F
Pickoff Throw to First - Out! 1-3
3-2: Ground out 4-3 (Groundball, 4, EV 86.2 MPH)
Bottom of the 5th over - 0 runs, 0 hits, 0 errors, 0 left on base; Ottawa 1 - Lynn 2
TOP OF THE 6TH
Ottawa Beavers batting - Pitching for Lynn Patriots : RHP Thomas Sverma
Batting: RHB Jeff DeLong 0-0: Called Strike
0-1: Ball
1-1: Ball
2-1: SINGLE (Groundball, 56D, EV 101.2 MPH) (infield hit)
Batting: LHB Wyatt Ludwig 0-0: Ball
Jeff DeLong steals 2nd base
1-0: Called Strike
1-1: Ball
2-1: Ball
3-1: Called Strike
3-2: SINGLE (Line Drive, 78S, EV 109.4 MPH)
Jeff DeLong to third
Batting: RHB Carlos Kinney 0-0: Called Strike
0-1: Ball
1-1: Foul Ball, location: 2F
1-2: Fly out, F8 (Line Drive, 8LM, EV 93.8 MPH)
Runner from 3rd tags up, SCORES, throw by CF
Batting: RHB Gavin Wright 0-0: Ball
1-0: Ball
2-0: Called Strike
2-1: Foul Ball, location: 2F
2-2: Ball
3-2: Base on Balls
Wyatt Ludwig to second
Batting: SHB Darren Clark 0-0: Ball
1-0: Ball
2-0: Reached on error, E6 (Groundball, 6, EV 83.8 MPH)
Wyatt Ludwig to third
Gavin Wright to second
Batting: RHB Benny Ackley 0-0: Grounds into fielders choice 6-2 (Groundball, 6, EV 85.6 MPH)
Gavin Wright to third
Darren Clark to second
Batting: LHB Cole Tester 0-0: Called Strike
0-1: Swinging Strike
0-2: Foul Ball, location: 2F
0-2: Strikes out swinging
Top of the 6th over - 1 run, 2 hits, 1 error, 3 left on base; Ottawa 2 - Lynn 2
BOTTOM OF THE 6TH
Lynn Patriots batting - Pitching for Ottawa Beavers : RHP Theodore Barkley
Batting: LHB Brandt Bagishaev 0-0: SINGLE (Groundball, 4D, EV 95.0 MPH)
Batting: RHB Mike Thompson 0-0: Ball
1-0: Swinging Strike
1-1: Ball
2-1: Foul Ball, location: 2F
2-2: Foul Ball, location: 2F
2-2: Ball
3-2: Strikes out swinging
Batting: LHB Rashaun Harrington 0-0: Called Strike
0-1: Called Strike
0-2: Ball
1-2: Strikes out swinging
Batting: SHB Xavier Amaro 0-0: Ball
1-0: Fly out, F7 (Flyball, 78S, EV 93.8 MPH)
Bottom of the 6th over - 0 runs, 1 hit, 0 errors, 1 left on base; Ottawa 2 - Lynn 2
TOP OF THE 7TH
Ottawa Beavers batting - Pitching for Lynn Patriots : RHP Thomas Sverma
Batting: RHB Omari Stubbs 0-0: Called Strike
0-1: Ball
1-1: Ground out 4-3 (Groundball, 4, EV 100.6 MPH)
Batting: RHB Trent Gianopulos 0-0: Ball
1-0: Ball
2-0: Swinging Strike
2-1: Ball
3-1: Foul Ball, location: 2F
3-2: Foul Ball, location: 2F
3-2: Base on Balls
Batting: RHB Jeff DeLong 0-0: Ball
1-0: 2-RUN HOME RUN (Line Drive, 7D, EV 100.0 MPH), Distance : 357 ft
Pitching: RHP Blake Tippett
Batting: LHB Wyatt Ludwig 0-0: Called Strike
0-1: Foul Ball, location: 2F
0-2: Ball
1-2: Strikes out swinging, 2-3 out at first.
Batting: RHB Carlos Kinney 0-0: Called Strike
0-1: SINGLE (Line Drive, 34, EV 93.8 MPH)
Batting: RHB Gavin Wright 0-0: Swinging Strike
0-1: Swinging Strike
0-2: Ball
1-2: Ball
2-2: Ground out U3 (Groundball, 34, EV 98.8 MPH)
Top of the 7th over - 2 runs, 2 hits, 0 errors, 1 left on base; Ottawa 4 - Lynn 2
BOTTOM OF THE 7TH
Lynn Patriots batting - Pitching for Ottawa Beavers : RHP Theodore Barkley
Batting: RHB Malik Donnell 0-0: Called Strike
0-1: Called Strike
0-2: Ground out 4-3 (Groundball, 34, EV 78.1 MPH)
Batting: RHB O.K. Emelyantsev 0-0: Fly out, F7 (Flyball, 7, EV 90.0 MPH)
Batting: LHB Neal McDonald 0-0: Ball
1-0: Foul Ball, location: 2F
1-1: Swinging Strike
1-2: Strikes out swinging
Bottom of the 7th over - 0 runs, 0 hits, 0 errors, 0 left on base; Ottawa 4 - Lynn 2
TOP OF THE 8TH
Ottawa Beavers batting - Pitching for Lynn Patriots : RHP Blake Tippett
Batting: SHB Darren Clark 0-0: Ball
1-0: Called Strike
1-1: Swinging Strike
1-2: Ball
2-2: Ball
3-2: Base on Balls
Batting: RHB Benny Ackley 0-0: SINGLE (Groundball, 4MD, EV 104.4 MPH)
Darren Clark to second
Darren Clark to third
Batting: LHB Cole Tester 0-0: Called Strike
Benny Ackley is caught stealing 2nd base 2-6
0-1: Ball
1-1: Intentional Walk
Batting: RHB Omari Stubbs 0-0: Called Strike
0-1: Grounds into double play, 4-6-3 (Groundball, 4S, EV 85.6 MPH)
Top of the 8th over - 0 runs, 1 hit, 0 errors, 1 left on base; Ottawa 4 - Lynn 2
BOTTOM OF THE 8TH
Lynn Patriots batting - Pitching for Ottawa Beavers : RHP Theodore Barkley
Pitching: LHP Garrett Chartrand
Batting: RHB Vin Edwards 0-0: Ball
1-0: Ball
2-0: Ball
3-0: Base on Balls
Batting: RHB Garret Hoffman 0-0: Ball
1-0: Foul Ball, location: 2F
1-1: Foul Ball, location: 2F
1-2: Strikes out swinging
Batting: LHB Brandt Bagishaev 0-0: Ball
1-0: Ball
2-0: Called Strike
2-1: Called Strike
2-2: Strikes out swinging
Batting: RHB Mike Thompson 0-0: Ball
1-0: Fly out, F7 (Flyball, 7S, EV 83.1 MPH)
Bottom of the 8th over - 0 runs, 0 hits, 0 errors, 1 left on base; Ottawa 4 - Lynn 2
TOP OF THE 9TH
Ottawa Beavers batting - Pitching for Lynn Patriots : RHP Blake Tippett
Pinch Hitting: LHB Tommy Tuten 0-0: Ball
1-0: Ground out 3-1 (Groundball, 34, EV 85.6 MPH)
Batting: RHB Jeff DeLong 0-0: Swinging Strike
0-1: Swinging Strike
0-2: Strikes out swinging, 2-3 out at first.
Batting: LHB Wyatt Ludwig 0-0: Ball
1-0: Ball
2-0: Fly out, F1 (Popup, P, EV 86.9 MPH)
Top of the 9th over - 0 runs, 0 hits, 0 errors, 0 left on base; Ottawa 4 - Lynn 2
BOTTOM OF THE 9TH
Lynn Patriots batting - Pitching for Ottawa Beavers : LHP Garrett Chartrand
Pitching: RHP Deion Hillard
Now at C: Chas Finley
Now in LF: Phillip Cummings
Now in RF: Benny Ackley
Batting: LHB Rashaun Harrington 0-0: Ball
1-0: SINGLE (Line Drive, 78S, EV 109.4 MPH)
Batting: SHB Xavier Amaro 0-0: SINGLE (Groundball, 4, EV 96.2 MPH)
Rashaun Harrington to second
Batting: RHB Malik Donnell 0-0: Bunted foul
0-1: Sac Bunt to 13S - play at first, batter OUT! 1-4
Rashaun Harrington to third
Xavier Amaro to second
Pinch Hitting: LHB Chase Corman 0-0: Ground out 4-3 (Groundball, 4, EV 101.2 MPH)
Rashaun Harrington scores
Xavier Amaro to third
Batting: LHB Neal McDonald 0-0: Foul Ball, location: 2F
0-1: Ball
1-1: Ball
2-1: Called Strike
2-2: Foul Ball, location: 2F
2-2: Strikes out swinging
Bottom of the 9th over - 1 run, 2 hits, 0 errors, 1 left on base; Ottawa 4 - Lynn 3
Monday, April 29th , 2024 - OOTP Baseball 23.10 Build 110